 Dungeon Crawl Stone Soup version 0.27-a0-1381-g81fdcbfb23 (webtiles) character file.

Game seed: 11141861550920139345

27059 Froggeryz the Unseen (level 13, -7/133 HPs)
             Began as an Octopode Berserker on June 30, 2021.
             Was a High Priest of Trog.
             Shot with an arrow by a centaur warrior (11 damage)
             ... on level 13 of the Dungeon.
             The game lasted 00:29:53 (17505 turns).

Froggeryz the Unseen (Octopode Berserker)          Turns: 17505, Time: 00:29:54

Health: -7/133     AC:  2    Str: 23    XL:     13   Next: 30%
Magic:  13/13      EV: 27    Int:  9    God:    Trog [*****.]
Gold:   1853       SH:  0    Dex: 16    Spells: 12/12 levels left

rFire    . . .     SeeInvis .   Q - +6 quick blade (vorpal)
rCold    . . .     Faith    .   (no shield)
rNeg     . . .     Spirit   .   k - +1 hat
rPois    +         Reflect  .   (no amulet)
rElec    .         Harm     .   d - +4 ring of evasion
rCorr    +         Rampage  .   n - +6 ring of strength
Will     ++...                  p - ring of poison resistance
Stlth    ..........             H - +4 ring of evasion
HPRegen  1.32/turn              b - ring of resist corrosion
MPRegen  0.13/turn              (no ring)
                                (no ring)
                                (no ring)

@: berserking, strong-willed, regenerating, very quick
A: almost no armour, amphibious, 8 rings, camouflage 1, gelatinous body 1,
(nimble swimmer 1), tentacles
a: Renounce Religion, Berserk, Trog's Hand, Brothers in Arms


You were on level 13 of the Dungeon.
You worshipped Trog.
Trog was extremely pleased with you.
You visited 1 branch of the dungeon, and saw 13 of its levels.
You also visited: Trove, Sewer, Ossuary and Bailey.

You collected 1853 gold pieces.

Inventory:

Hand Weapons
 P - a +5 quick blade
 Q - a +6 vorpal quick blade (weapon)
 R - the +7 quick blade of the Battered Orbs {drain, +Blink rF- Int+4}
   (You found it in a treasure trove)

   A truly terrible weapon, it drains the life of those it strikes.
   Int:       It affects your intelligence (+4).
   rF:        It makes you vulnerable to fire.
   +Blink:    It lets you blink.
Missiles
 q - 26 poisoned darts (quivered)
 L - 4 boomerangs
 O - 6 silver javelins
Armour
 k - a +1 hat (worn)
Jewellery
 b - a ring of resist corrosion (on tentacle)
 d - a +4 ring of evasion (left tentacle)
 n - a +6 ring of strength (right tentacle)
 p - a ring of poison resistance (on tentacle)
 H - a +4 ring of evasion (on tentacle)
 N - a ring of ice
Wands
 f - a wand of flame (22)
 t - a wand of mindburst (9)
 y - a wand of polymorph (18)
 B - a wand of paralysis (15)
 J - a wand of iceblast (12)
Scrolls
 a - 7 scrolls of teleportation
 l - 6 scrolls of fear
 o - 5 scrolls of magic mapping
 r - 5 scrolls of immolation
 s - a scroll of holy word
 x - a scroll of fog
 C - 2 scrolls of identify
 D - 3 scrolls of blinking
 F - 2 scrolls of summoning
 G - 2 scrolls of vulnerability {unknown}
 I - 3 scrolls of enchant armour
Potions
 c - 4 potions of degeneration {unknown}
 e - 5 potions of flight
 g - 2 potions of magic {unknown}
 h - 6 potions of curing
 i - 2 potions of haste
 j - 4 potions of invisibility
 m - 2 potions of might
 u - 4 potions of mutation {unknown}
 v - 5 potions of heal wounds
 w - a potion of resistance
 z - 4 potions of attraction {unknown}
 A - 2 potions of lignification {unknown}
 E - a potion of experience {unknown}
 K - 2 potions of ambrosia {unknown}


   Skills:
 + Level 8.5 Fighting
 - Level 12.5 Short Blades
 - Level 6.0 Throwing
 + Level 10.8 Dodging
 + Level 15.6 Stealth


You had 12 spell levels left.
You didn't know any spells.
Your spell library was empty.

Dungeon Overview and Level Annotations

Branches:
Dungeon (13/15)            Temple (0/1) D:6            Lair (0/6) D:10
    Orc (0/2) D:12          Sewer (visited)         Ossuary (visited)
 Bailey (visited)
 Vaults: D:13-14

Altars:
Ashenzari
Fedhas
Gozag
Ru
Uskayaw
Vehumet
Wu Jian
Xom
Yredelemnul
Zin

Shops:
D:7 *

Portals:
Abyss: D:6

Annotations:
D:5 1 runed translucent door
D:6 2 transporters, Johnny's ghost, novice DEEE
D:7 4 runed translucent doors
D:8 exclusion: oklob plant
D:10 3 runed translucent doors, exclusion: orange crystal statue


Innate Abilities, Weirdness & Mutations

You cannot wear most types of armour.
You are amphibious.
You can wear up to eight rings at the same time.
Your skin changes colour to match your surroundings (Stealth+).
Your rubbery body absorbs attacks. (AC +1, EV +1)
((You are camouflaged near water. (Stealth+)))
You have tentacles for arms and can constrict up to eight enemies at once.


Message History

Things that are here:
a +0 mace; an orc corpse
c - 4 pink potions (gained 1)
A cyclops comes into view.
Found a stone staircase leading down.
A centaur warrior comes into view.
The cyclops shouts!
The centaur warrior wields a +0 shortbow.
The centaur warrior shoots an arrow.
The arrow hits you!! The cyclops hits you!
You barely miss the cyclops. You squeeze the cyclops.
The cyclops is lightly wounded.
You hit the cyclops. You squeeze the cyclops.
The cyclops is lightly wounded.
The centaur warrior shoots an arrow.
The arrow hits you!! The cyclops completely misses you.
You are too injured to fight recklessly!
You barely miss the cyclops.
The cyclops is lightly wounded.
Your skin crawls.
You feel strong-willed. The cyclops completely misses you.
You hit the cyclops but do no damage.
The cyclops is lightly wounded.
The centaur warrior shoots an arrow.
The arrow misses you.
You puncture the cyclops!
The cyclops is moderately wounded.
You hit the cyclops but do no damage.
You squeeze the cyclops, but do no damage.
The cyclops is moderately wounded.
The centaur warrior shoots an arrow.
The arrow hits you!!
* * * LOW HITPOINT WARNING * * *
A red film seems to cover your vision as you go berserk!
You feel yourself moving faster!
You feel mighty!
The centaur warrior shoots an arrow.
The arrow hits you!!
* * * LOW HITPOINT WARNING * * *
The cyclops completely misses you.
You puncture the cyclops! You squeeze the cyclops!
The cyclops is almost dead.
The centaur warrior shoots an arrow.
The arrow hits you!
You die...

....# ....#...
...........# #####...
.....>.....# # #.......
..........# .. .......
.........#... .....#
#.c.....'.. .....#
#.......# .....#
#...C...#### .....#
#...@.......
.....########...........
........................
#######.................
#.................
#.............####
#....########## #....#
#....#


You could see a centaur warrior and a cyclops.

Vanquished Creatures
  Fannar (D:10)
  A hydra (D:12)
  A vault guard (D:13)
  Erolcha (D:12)
  5 two-headed ogres
  Urug (D:10)
  A deep elf knight (D:13)
  An ugly thing (D:11)
  6 orc knights
  A manticore (D:12)
  3 cyclopes
  Maurice (D:8)
  2 centaur zombies (D:11)
  A komodo dragon (D:12)
  Psyche (D:10)
  4 trolls
  7 slime creatures (D:12)
  A meliai zombie (D:11)
  A vampire (D:9)
  A shadow (D:10)
  32 yaks
  A wyvern (D:9)
  2 wraiths
  A human (D:12)
  A steam dragon (D:8)
  A warg (D:12)
  A water moccasin (D:8)
  17 orc warriors
  4 sky beasts
  A necrophage (D:11)
  4 ogres
  7 centaurs
  A kobold brigand (D:11)
  2 bullfrogs
  A gnoll sergeant (D:7)
  A scorpion (D:6)
  A water moccasin zombie (D:6)
  7 killer bees
  9 wights
  6 howler monkeys
  A jelly (D:6)
  A bullfrog zombie (D:6)
  A centaur skeleton (D:6)
  13 orc priests
  5 hounds
  A bullfrog skeleton (D:5)
  Jessica (D:3)
  An iguana (D:7)
  17 orc wizards
  A hound skeleton (D:5)
  16 mummies
  2 adders
  4 gnolls
  A river rat (D:5)
  A shadow imp (D:4)
  2 white imps
  2 adder skeletons (D:4)
  10 worms
  The ghost of sm0rk the Sneak, a weakling HODe (D:5)
  2 dart slugs
  96 orcs
  8 ball pythons
  13 bats
  10 endoplasms
  21 giant cockroaches
  9 goblins
  9 hobgoblins
  13 jackals
  14 kobolds
  11 quokkas
  2 frilled lizards
  4 gnoll skeletons (Ossuary)
  A goblin skeleton (Ossuary)
  A kobold skeleton (Ossuary)
  2 orc skeletons (Ossuary)
  7 rats
  11 rat skeletons (Ossuary)
456 creatures vanquished.

Notes
Turn   | Place    | Note
-------+----------+-------------------------------------------
     0 | D:1      | Froggeryz the Octopode Berserker began the quest for the
                  | Orb.
     0 | D:1      | Reached XP level 1. HP: 16/16 MP: 1/1
   110 | D:1      | Reached skill level 1 in Stealth
   221 | D:1      | Reached XP level 2. HP: 21/21 MP: 2/2
   374 | D:1      | Reached skill level 2 in Stealth
   374 | D:1      | Reached XP level 3. HP: 26/26 MP: 3/3
   570 | D:1      | Reached ** piety under Trog
   647 | D:1      | Found a faded altar of an unknown god.
  1001 | D:2      | Found a shimmering altar of Xom.
  1097 | D:2      | Reached XP level 4. HP: 19/31 MP: 4/4
  1490 | D:2      | Reached skill level 3 in Stealth
  1931 | D:3      | Found an opulent altar of Gozag.
  2007 | D:3      | Noticed Jessica
  2021 | D:3      | Killed Jessica
  2176 | D:3      | Found a glowing drain.
  2191 | D:3      | Reached XP level 5. HP: 33/36 MP: 5/5
  2198 | Sewer    | Entered a sewer
  2407 | Sewer    | Reached *** piety under Trog
  2483 | Sewer    | Reached skill level 5 in Short Blades
  3632 | D:3      | Reached skill level 4 in Stealth
  3656 | D:3      | Reached **** piety under Trog
  3746 | D:3      | Reached XP level 6. HP: 24/42 MP: 6/6
  4389 | D:4      | Noticed a +0 dagger
  4389 | D:4      | Noticed a +0 hand axe
  4390 | D:4      | Found a hide-covered altar of Uskayaw.
  4509 | D:4      | Noticed a sky beast
  4556 | D:4      | Killed a sky beast
  4557 | D:4      | Reached skill level 5 in Stealth
  4706 | D:4      | Reached XP level 7. HP: 46/46 MP: 7/7
  5075 | D:5      | Entered Level 5 of the Dungeon
  5075 | D:5      | Found a runed translucent door.
  5091 | D:5      | Found a runed translucent door.
  5092 | D:5      | Noticed sm0rk's ghost (weakling HODe)
  5098 | D:5      | Reached skill level 6 in Stealth
  5103 | D:5      | Found a sand-covered staircase.
  5108 | Ossuary  | Entered an ossuary
  5236 | Ossuary  | Reached ***** piety under Trog
  5333 | Ossuary  | Received a gift from Trog
  5528 | D:5      | Found a glowing silver altar of Zin.
  5528 | D:5      | Found an ornate altar of the Wu Jian Council.
  5528 | D:5      | Found a basalt altar of Yredelemnul.
  5574 | D:5      | Reached XP level 8. HP: 47/52 MP: 8/8
  5722 | D:5      | Reached skill level 7 in Stealth
  6252 | D:5      | Killed sm0rk's ghost
  6467 | D:6      | Found a staircase to the Ecumenical Temple.
  6906 | D:6      | Noticed a cyan ugly thing
  6923 | D:6      | Found a one-way gate to the infinite horrors of the Abyss.
  6923 | D:6      | Noticed Johnny's ghost (novice DEEE)
  6933 | D:6      | Found a transporter.
  6936 | D:6      | Found a transporter.
  6983 | D:6      | Reached skill level 8 in Stealth
  7584 | D:7      | Noticed a polar bear
  7584 | D:7      | Noticed a wyvern
  7584 | D:7      | Noticed a wyvern
  7585 | D:7      | Found a huge runed translucent gate.
  7585 | D:7      | Found a huge runed translucent gate.
  7585 | D:7      | Found a huge runed translucent gate.
  7585 | D:7      | Noticed a wyvern
  7587 | D:7      | Found a huge runed translucent gate.
  7587 | D:7      | Noticed a death yak
  7587 | D:7      | Noticed a wyvern
  7724 | D:7      | Reached XP level 9. HP: 54/56 MP: 9/9
  7727 | D:7      | Found Ralooxera's Neck Hole.
  7884 | D:7      | Reached skill level 9 in Stealth
  8000 | D:7      | Noticed a polar bear
  8000 | D:7      | Noticed a polar bear
  8024 | D:7      | Found a flagged portal.
  8040 | Bailey   | Entered a bailey
  8444 | Bailey   | Reached skill level 10 in Short Blades
  8460 | Bailey   | Noticed an orc knight
  8461 | Bailey   | Noticed an orc knight
  8472 | Bailey   | Killed an orc knight
  8473 | Bailey   | Reached skill level 5 in Dodging
  8478 | Bailey   | Killed an orc knight
  8479 | Bailey   | Reached skill level 10 in Stealth
  8502 | Bailey   | Reached XP level 10. HP: 63/63 MP: 10/10
  8560 | Bailey   | Noticed an orc knight
  8578 | Bailey   | Killed an orc knight
  8579 | Bailey   | Noticed an orc knight
  8586 | Bailey   | Noticed an orc knight
  8689 | Bailey   | Killed an orc knight
  9041 | Bailey   | Killed an orc knight
  9042 | Bailey   | Reached skill level 11 in Stealth
 10216 | D:8      | Noticed Maurice
 10236 | D:8      | Killed Maurice
 10398 | D:8      | Reached XP level 11. HP: 45/67 MP: 11/11
 10540 | D:8      | Reached skill level 12 in Stealth
 10829 | D:8      | Found a blossoming altar of Fedhas.
 10851 | D:8      | Noticed an oklob plant
 10967 | D:8      | Received a gift from Trog
 11456 | D:9      | Noticed a two-headed ogre
 11466 | D:9      | Killed a two-headed ogre
 11467 | D:9      | Reached skill level 1 in Throwing
 11840 | D:9      | Found a broken altar of Ashenzari.
 11945 | D:9      | Noticed a two-headed ogre
 11948 | D:9      | Killed a two-headed ogre
 11951 | D:9      | Found a radiant altar of Vehumet.
 12038 | D:9      | Noticed a two-headed ogre
 12048 | D:9      | Killed a two-headed ogre
 12172 | D:9      | Reached skill level 13 in Stealth
 12480 | D:10     | Entered Level 10 of the Dungeon
 12487 | D:10     | Found a runed translucent door.
 12681 | D:10     | Noticed Psyche
 12686 | D:10     | Found a runed translucent door.
 12686 | D:10     | Noticed Urug
 12690 | D:10     | Killed Psyche
 12717 | D:10     | Found a runed translucent door.
 12730 | D:10     | Found a runed translucent door.
 12753 | D:10     | Reached skill level 5 in Fighting
 12778 | D:10     | Noticed a two-headed ogre
 12785 | D:10     | Killed a two-headed ogre
 12924 | D:10     | Found a sacrificial altar of Ru.
 12930 | D:10     | Noticed a two-headed ogre
 12932 | D:10     | Noticed Fannar
 12936 | D:10     | Killed Fannar
 12937 | D:10     | Reached XP level 12. HP: 77/77 MP: 12/12
 12938 | D:10     | Killed a two-headed ogre
 12965 | D:10     | Found a staircase to the Lair.
 13227 | D:10     | Found a portal to a secret trove of treasure.
 13607 | D:10     | You paid a toll of a +6 demon blade to enter a treasure
                  | trove
 13608 | Trove    | Entered a treasure trove
 13649 | Trove    | Found the +13 scythe of Curses {drain, Drain}
 13670 | Trove    | Identified the +7 quick blade of the Battered Orbs {drain,
                  | +Blink rF- Int+4}
 13673 | Trove    | Identified the +4 falchion of Charity {vorpal, *Corrode rF+
                  | Dex+2 Stlth+}
 13804 | D:10     | Killed Urug
 13805 | D:10     | Reached skill level 5 in Throwing
 13806 | D:10     | Noticed a two-headed ogre
 13962 | D:11     | Received a gift from Trog
 13963 | D:11     | Reached skill level 14 in Stealth
 14324 | D:11     | Identified a scroll of acquirement
 14324 | D:11     | Acquired 983 gold pieces
 15199 | D:12     | Noticed Erolcha
 15201 | D:12     | Noticed an eight-headed hydra
 15210 | D:12     | Killed Erolcha
 15212 | D:12     | Reached skill level 10 in Dodging
 15219 | D:12     | Killed an eight-headed hydra
 15245 | D:12     | Found a staircase to the Orcish Mines.
 15564 | D:12     | Reached skill level 15 in Stealth
 15564 | D:12     | Reached XP level 13. HP: 88/88 MP: 13/13
 16187 | D:12     | Received a gift from Trog
 16542 | D:13     | Noticed a vault guard
 16548 | D:13     | Killed a vault guard
 17504 | D:13     | HP: 4/133 [centaur warrior/arrow (22)]
 17505 | D:13     | Shot with an arrow by a centaur warrior

Illustrated notes

Levels and vault maps discovered:
D:1:      dpeg_arrival_erosion, layout_basic,
          shapermc_ecumenical_altar_mp_highgroup
D:2:      layout_rooms, basic_altar, minmay_strange_pillars, minmay_heptomino_o4
D:3:      minmay_roachtagon, layout_basic, lemuel_doored_altar,
          gup_sewer_entry_glass, uniq_jessica
D:4:      layout_cave_pods, dancing_weapons_uskayaw
D:5:      layout_gridville, gammafunk_temple_overflow_claw, enter_ossuary_2,
          ebering_ghost_sewer_f
D:6:      layout_basic, minmay_temple_entry_hall,
          gammafunk_ghost_abyssal_escape, kennysheep_generic_room_13
D:7:      lemuel_bear_cage, layout_gridville, enter_bailey_5, chequers_jeans,
          nicolae_shop_sticking_my_neck_out
D:8:      layout_loops_ring, tgw_fedhas, palyth_stone_intersect, uniq_maurice
D:9:      layout_long_grid, old_standard_altar, nicolae_ashenzari_skybound
D:10:     layout_rooms, old_standard_altar, dpeg_oklobed_lair, special_room
          [special_room_orc], enter_trove_3, st_stairs_13, minmay_hedge_maze,
          chequers_serial_rivers_micro_d, minmay_statue_crystal_thing,
          uniq_fannar, uniq_psyche, uniq_urug
D:11:     layout_cave_pools, serial_undead, serial_undead_f, serial_undead_c,
          serial_undead_c, serial_undead_d
D:12:     layout_loops_ring, erik_orc_4, kennysheep_small_circle, uniq_erolcha
D:13:     layout_irregular_city, grunt_vaults_entry_fortified,
          yredelemnul_forgotten_temple_becter

Skill      XL: |  1  2  3  4  5  6  7  8  9 10 11 12 13 |
---------------+----------------------------------------+-----
Stealth        | 1 2 3 4 5 6 8 10 11 13 15 | 15.6
Short Blades   | 4 5 6 7 9 10 12 | 12.5
Dodging        | 4 5 7 8 10 | 10.8
Throwing       | 4 6 |  6.0
Fighting       | 5 7 8 |  8.5

Action                   |  1- 3 |  4- 6 |  7- 9 | 10-12 | 13-15 || total
-------------------------+-------+-------+-------+-------+-------++-------
Melee: Short sword       |    61 |       |       |   182 |       ||   243
       Constrict         |    14 |    59 |    70 |    55 |    10 ||   208
       Tentacles         |     8 |    61 |    91 |   182 |    60 ||   402
       Dagger            |     6 |   217 |   263 |   148 |       ||   634
       Quick blade       |       |       |       |   221 |   172 ||   393
Throw: Dart              |       |       |     9 |     8 |       ||    17
       Boomerang         |       |       |     3 |       |       ||     3
Invok: Berserk           |       |     1 |     6 |    12 |     3 ||    22
       Trog's Hand       |       |       |     1 |     2 |     2 ||     5
Evoke: Wand              |       |       |     4 |     3 |       ||     7
  Use: Scroll            |     3 |     3 |     7 |    15 |     3 ||    31
       Potion            |       |       |     4 |       |       ||     4
 Stab: Sleeping          |     8 |    13 |    24 |    21 |     5 ||    71
       Paralysed         |       |       |     1 |     1 |       ||     2
Armor: Skin              |     5 |    20 |    15 |    11 |     1 ||    52
Dodge: Dodged            |    43 |   134 |   161 |   304 |    81 ||   723

Table legend: (Time is in decaauts)
 A = Elapsed time spent in this place.
 B = Non-inter-level travel time spent in this place.
 C = Inter-level travel time spent in this place.
 D = Time resting spent in this place.
 E = Time spent auto-exploring this place.
 F = Levels seen in this place.
 G = Mean time per level.
                   A        B        C        D        E       F      G
               +--------+--------+--------+--------+--------+-----+--------+
         Total |  17087 |  16491 |    596 |   3206 |   9799 |  17 | 1005.1 |
       Dungeon |  14559 |  13963 |    596 |   2526 |   8733 |  13 | 1119.9 |
         Trove |    133 |    133 |      0 |      0 |     16 |   1 |  133.0 |
         Sewer |    955 |    955 |      0 |     85 |    671 |   1 |  955.0 |
       Ossuary |    321 |    321 |      0 |      0 |    203 |   1 |  321.0 |
        Bailey |   1116 |   1116 |      0 |    595 |    176 |   1 | 1116.0 |
               +--------+--------+--------+--------+--------+-----+--------+

Top non-repeatable levels by time:
     D:6: 1633 daAuts
     D:3: 1448 daAuts
     D:8: 1405 daAuts
    D:12: 1256 daAuts
     D:7: 1222 daAuts
    D:11: 1202 daAuts
    D:10: 1151 daAuts
  Bailey: 1116 daAuts
     D:4: 981 daAuts
     D:1: 981 daAuts
   Sewer: 955 daAuts
     D:9: 943 daAuts
     D:5: 889 daAuts
    D:13: 791 daAuts
     D:2: 651 daAuts
